 Dungeon Crawl Stone Soup version 0.18-a0-801-gb01a236 (webtiles) character file.

81 JokEr the Skirmisher (level 4, -8/33 HPs)
             Began as an Octopode Fighter on Dec 14, 2015.
             Mangled by an ogre
             ... wielding a +0 giant club
              (20 damage)
             ... on level 3 of the Dungeon.
             The game lasted 00:04:16 (2672 turns).

JokEr the Skirmisher (Octopode Fighter)             Turns: 2672, Time: 00:04:16

Health: -8/33      AC:  1    Str: 16    XL:     4   Next: 40%
Magic:  4/4        EV: 10    Int: 10    God:
Gold:   128        SH: 12    Dex: 13    Spells: 0 memorised, 3 levels left

rFire  . . .     SeeInvis .     a - +0 war axe
rCold  . . .     Clarity  .     b - +1 shield
rNeg   . . .     SustAt   .     (helmet restricted)
rPois  .         Gourm    .     j - +2 amulet of reflection
rElec  .         Spirit   .     m - +2 ring of dexterity
rCorr  .         Dismiss  .     (no ring)
rMut   .         Stasis   .     (no ring)
MR     .....                    (no ring)
Stlth  ++........               (no ring)
                                (no ring)
                                (no ring)
                                (no ring)

@: not resistant to hostile enchantments, unstealthy
A: almost no armour, amphibious, 8 rings, constrict 8, camouflage 1, gelatinous
body 1
a: no special abilities


You were on level 3 of the Dungeon.
You were not hungry.

You visited 1 branch of the dungeon, and saw 3 of its levels.

You collected 128 gold pieces.

Inventory:

Hand Weapons
 a - a +0 war axe (weapon)
Armour
 b - a +1 shield (worn)
Jewellery
 j - a +2 amulet of reflection (around mantle)
 m - a +2 ring of dexterity (left tentacle)
Scrolls
 i - 5 scrolls of identify
Potions
 c - a potion of might
 d - a potion of ambrosia {unknown}
 e - 3 potions of heal wounds {unknown}
 g - a potion of brilliance {unknown}
 h - 5 potions of curing {unknown}
Comestibles
 k - 12 fruits
 l - a bread ration


   Skills:
 + Level 4.2 Fighting
 + Level 3.3 Axes
 - Level 3.0 Dodging
 + Level 0.4 Stealth
 - Level 3.0 Shields


You had 3 spell levels left.
You didn't know any spells.

Dungeon Overview and Level Annotations

Branches:
Dungeon (3/15)

Altars:


Innate Abilities, Weirdness & Mutations

You cannot wear most types of armour.
You are amphibious.
You can wear up to eight rings at the same time.
You can use your tentacles to constrict eight enemies at once.
Your skin changes colour to match your surroundings (Stealth).
Your rubbery body absorbs attacks (AC +1).


Message History

The ogre is lightly wounded.
You block the ogre's attack.
You hit the ogre but do no damage.
The ogre is lightly wounded.
You block the ogre's attack.
You hit the ogre. Your squeeze misses the ogre.
The ogre is moderately wounded.
The ogre hits you with a giant club!!
Ouch! That really hurt!
You hit the ogre.
The ogre is moderately wounded.
The ogre closely misses you.
You completely miss the ogre. You squeeze the ogre.
The ogre is moderately wounded.
The ogre barely misses you.
You hit the ogre.
The ogre is heavily wounded.
The ogre hits you with a giant club!!
Ouch! That really hurt!
You die...

# .# #######..#
#..<.....#
#........#
#########O@......#
........S######+##
......(..#
.........######.
........S.......
................
................
########........
#........


You could see an ogre and an adder.

Vanquished Creatures
  3 adders (D:2)
  A worm (D:1)
  An orc (D:3)
  6 bats
  3 giant cockroaches (D:2)
  6 goblins
  7 hobgoblins
  9 kobolds
  A ball python (D:2)
  2 giant geckos (D:1)
  5 giant newts
  11 rats
55 creatures vanquished.

Vanquished Creatures (others)
  A plant (D:1)
1 creature vanquished.

Grand Total: 56 creatures vanquished

Notes
Turn   | Place    | Note
--------------------------------------------------------------
     0 | D:1      | JokEr the Octopode Fighter began the quest for the Orb.
     0 | D:1      | Reached XP level 1. HP: 16/16 MP: 1/1
   254 | D:1      | Reached XP level 2. HP: 18/21 MP: 2/2
   858 | D:1      | Reached XP level 3. HP: 26/26 MP: 3/3
  1628 | D:2      | HP: 1/27 [poisoned by an adder]
  1926 | D:2      | Reached skill level 4 in Fighting
  1983 | D:2      | Reached XP level 4. HP: 29/33 MP: 4/4
  2656 | D:3      | Noticed an ogre
  2672 | D:3      | Mangled by an ogre

Vault maps used:
D:1:      sevenhm_arrival_forest_fort_large_4, minmay_tree_intersection,
          minmay_misc_feat_encased, lexackson_kobold_supper
D:2:      minmay_misc_feat_five, st_stairs_1, minmay_misc_feat_room,
          dk_vineyard_2
D:3:      kiku_gazebo_pond_becter

Action                   |  1- 3 |  4- 6 || total
-------------------------+-------+-------++-------
Melee: War axe           |    66 |    27 ||    93
  Use: Scroll            |     3 |     2 ||     5
 Stab: Sleeping          |     7 |     3 ||    10
  Eat: Bread ration      |     1 |       ||     1
       Chunk             |     1 |       ||     1
